[Event "*** Titled Tuesday Blitz"]
[Site "Chess.com"]
[Date "2019.10.01"]
[Round "4"]
[White "MathiasWomacka"]
[Black "Shubinkirill2003"]
[Result "0-1"]
[WhiteElo "2271"]
[BlackElo "2540"]
[TimeControl "180+2"]
[EndTime "13:56:50 PDT"]
[Termination "Shubinkirill2003 won by resignation"]

1. e4 e6 2. d4 d5 3. Nd2 Be7 4. Ngf3 Nf6 5. e5 Nfd7 6. Bd3 c5 7. c3 Nc6 8. O-O a5 9. Re1 Qb6 10. dxc5 Nxc5 11. Bc2 Bd7 12. Nb3 Nxb3 13. axb3 h6 14.
Be3 Qc7 15. Nd4 Nxd4 16. cxd4 Qb6 17. Qg4 g6 18. h4 h5 19. Qg3 O-O-O 20. Bd2 Bb4 21.
Bxb4 Qxb4 22. Qc3+ Qxc3 23. bxc3 b6 24. b4 axb4 25.
cxb4 Kb7 26. Bd3 Ra8 27. f4 Rhc8 28. Rxa8 Rxa8 29. Rb1 Ra2 30. Kf1 Rd2 31. Be2 Rxd4 32. g3 Rd2 33. Ke1 Ra2 34. Rb3 Ba4 35. Rb1 Bc2 36. Rc1 Rb2 37. Kd2 Be4+ 38. Ke3 Rxb4 39. Ra1 Rb3+ 40. Kf2 d4 41. Ba6+ Kb8 42. Bc4 Rb2+ 43.
Ke1 b5 44. Be2 d3 45. Bd1 Rh2 46. Ra5 Kc7 47. Ra7+ Kb6 48. Rxf7 Kc5 49. Rd7 Kc4 50. Rd6 Kc3 51. Rxe6 Kd4 52. Bf3 Bxf3 0-1

[Event "*** Titled Tuesday Blitz"]
[Site "Chess.com"]
[Date "2019.10.01"]
[Round "4"]
[White "dopolian"]
[Black "TheFireChess"]
[Result "0-1"]
[WhiteElo "2334"]
[BlackElo "2510"]
[TimeControl "180+2"]
[EndTime "13:56:50 PDT"]
[Termination "TheFireChess won by resignation"]

1. e4 c6 2. Nc3 d5 3. Nf3 Bg4 4. h3 Bxf3 5. Qxf3 Nf6 6. d4 e6 7. Bd3 Bb4 8. e5 Nfd7 9. Qg4 g6 10. a3 Be7 11. Ne2 h5 12. Qg3 Nf8 13. O-O c5 14. c3 Nc6 15. b4 cxd4 16. cxd4 Qb6 17. Be3 a5 18. b5 Na7 19. a4 Qd8 20. Rac1 Nc8 21.
Nf4 Nb6 22. Ra1 Rc8 23. Bd2 Nc4 24. Bxc4 Rxc4 25. Qd3 g5 26. Ne2 g4 27. Rfc1 gxh3 28. Qxh3 Ng6 29. Rxc4 dxc4 30. Qf3 b6 31. Rc1 Qd5 32.
Qxd5 exd5 33. Nc3 Bb4 34. Nb1 Bxd2 35. Nxd2 Kd7 36. g3 h4 37. Kg2 hxg3 38. fxg3 Rg8 39.
Kf3 Ke6 40. Nb1 Rh8 41. Kg2 Ne7 42. g4 Rg8 43. Kf3 Rh8 44. Kg3 Rg8 45. Kf3 Rh8 46.
Kg3 Rh7 47. Nc3 f6 48. Re1 f5 49. Rf1 Rg7 50. Rf4 fxg4 51. Rxg4 Nf5+ 52. Kf4 Rxg4+ 53. Kxg4 Nxd4 54. Kf4 Nb3 55. Nd1 Nc5 56. Nb2 c3 0-1

[Event "*** Titled Tuesday Blitz"]
[Site "Chess.com"]
[Date "2019.10.01"]
[Round "4"]
[White "Sjakkerntobi"]
[Black "Stormeman100100"]
[Result "0-1"]
[WhiteElo "2034"]
[BlackElo "2404"]
[TimeControl "180+2"]
[EndTime "13:56:55 PDT"]
[Termination "Stormeman100100 won by resignation"]

1. e4 c5 2. Nf3 d6 3. Bb5+ Nd7 4.
Ba4 Nf6 5. O-O g6 6. Qe2 Bg7 7. c3 O-O 8. d4 e5 9. Bg5 h6 10. Bxf6 Qxf6 11. dxe5 dxe5 12. Nbd2 a6 13. Bb3 b5 14. a4 c4 15. Bc2 Bb7 16. axb5 axb5 17. b3 cxb3 18. Bxb3 Bc6 19. Bd5 Nb6 20. Bxc6 Qxc6 21.
Rxa8 Rxa8 22. Rb1 Ra5 23. Qd3 Kh7 24. h3 Na4 25. c4 bxc4 26. Qxc4 Qxc4 27. Nxc4 Rc5 28.
Nd6 Nc3 29. Re1 Kg8 30. Nb7 Rc4 31. Na5 Rxe4 32. Rxe4 Nxe4 33. Nc4 f6 34. Kf1 Kf7 35. Ke2 Ke6 36. Nfd2 Nc3+ 37. Kd3 Nd5 38. g3 f5 39. Ne3 e4+ 40. Ke2 Nc3+ 41. Kf1 Bd4 42. Ng2 g5 43. h4 Nd1 44. hxg5 hxg5 45. g4 Nxf2 46. gxf5+ Kxf5 47. Ke2 Ng4 48. Nf1 Be5 49. Nd2 Nf6 50. Ne3+ Kf4 51.
Ng2+ Kg3 52. Ne3 Bf4 53. Ndf1+ Kh3 54. Nd5 Nxd5 55. Kf2 g4 56. Kg1 e3 57. Nxe3 Bxe3+ 58. Kf1 g3 59. Ke2 0-1

[Event "*** Titled Tuesday Blitz"]
[Site "Chess.com"]
[Date "2019.10.01"]
[Round "4"]
[White "ChessLover0108"]
[Black "SanchezKelvin"]
[Result "1-0"]
[WhiteElo "2732"]
[BlackElo "2518"]
[TimeControl "180+2"]
[EndTime "13:56:59 PDT"]
[Termination "ChessLover0108 won by checkmate"]

1. d4 Nf6 2. c4 c6 3. Nf3 d5 4. e3 Bg4 5. h3 Bxf3 6. Qxf3 e6 7. Bd3 Nbd7 8. O-O Bd6 9. Nc3 dxc4 10. Bxc4 e5 11.
d5 Nb6 12. dxc6 Nxc4 13. cxb7 Rb8 14. Qc6+ Qd7 15. Qxc4 Qxb7 16. Rd1 Ke7 17. e4 Rhc8 18. Qd3 Bb4 19. Bg5 Bxc3 20. Qd6+ Ke8 21. bxc3 Nxe4 22.
Qxe5+ Kf8 23. Rab1 Qxb1 24. Rxb1 Rxb1+ 25. Kh2 Nxg5 26. Qxg5 Rb7 27. Qf5 Rbc7 28. Qxh7 f6 29. h4 Rxc3 30. h5 R8c5 31. f3 Rg5 32. Kg1 Rc1+ 33. Kf2 Ra1 34. h6 Rxa2+ 35. Ke3 Re5+ 36. Kf4 Ra4+ 37. Kg3 Rg5+ 38. Kf2 Ra2+ 39. Ke3 Raxg2 40. Qh8+ Kf7 41. h7 Re5+ 42. Kd3 Rd5+ 43. Kc4 Rd1 44. Qg8+ Kg6 45. h8=Q Rc1+ 46. Kd3 Rd1+ 47. Ke3 Re1+ 48.
Kf4 f5 49. Qgxg7# 1-0

[Event "*** Titled Tuesday Blitz"]
[Site "Chess.com"]
[Date "2019.10.01"]
[Round "4"]
[White "VerdeNotte"]
[Black "kingofthenil"]
[Result "0-1"]
[WhiteElo "2763"]
[BlackElo "2568"]
[TimeControl "180+2"]
[EndTime "13:57:02 PDT"]
[Termination "kingofthenil won by resignation"]

1. c4 e6 2. g3 d5 3. Bg2 Nf6 4. Nf3 Be7 5. b3 O-O 6. Bb2 c5 7.
O-O d4 8. e3 Nc6 9. exd4 cxd4 10. Re1 Ng4 11. h3 Nh6 12. Na3 f6 13. Nc2 e5 14. d3 Nf7 15. Ba3 Bxa3 16. Nxa3 Be6 17. Qd2 Qd7 18. h4 a5 19. Nb5 Bh3 20. Bxh3 Qxh3 21.
Nc7 Rad8 22. Qe2 Nh6 23. Qf1 Qf5 24. Nd2 Nb4 25. Re4 Rd7 26. Nb5 Ng4 27. Qe2 h5 28. Nf3 g5 29. Re1 Nc6 30. c5 gxh4 31. Nxh4 Qg5 32. Nd6 f5 33. f4 exf4 34. Nf3 Qg7 35. Rxf4 Ne3 36. Qh2 Rf6 37. Qh4 Rg6 38. Kf2 Ng4+ 39.
Kg2 Ne3+ 40. Kf2 Nb4 41. Nxd4 Nxd3+ 42. Kxe3 Nxe1 43. N4xf5 Qe5+ 44. Kd2 Ng2 45. Qxh5 Nxf4 46. gxf4 Rg2+ 47. Kd3 Qd5+ 48. Nd4 Qxh5 49. Kc4 Rd2 50. a4 Rxd4+ 51. Kxd4 Qf5 52. Kc4 Qxf4+ 53. Kd5 Qb4 54.
Ke6 Rxd6+ 55. cxd6 Qxb3+ 56. Ke7 Qxa4 57. d7 Qxd7+ 58. Kxd7 a4 0-1

[Event "*** Titled Tuesday Blitz"]
[Site "Chess.com"]
[Date "2019.10.01"]
[Round "4"]
[White "kreonx"]
[Black "kosya4ok"]
[Result "1/2-1/2"]
[WhiteElo "2233"]
[BlackElo "2613"]
[TimeControl "180+2"]
[EndTime "13:57:02 PDT"]
[Termination "Game drawn by repetition"]

1. e4 c5 2. c4 Nc6 3. Nc3 g6 4. g3 Bg7 5. Bg2 e6 6. d3 Nge7 7. Be3 b6 8. Nge2 O-O 9. d4 cxd4 10. Nxd4 Ba6 11. b3 Rc8 12. Rc1 d5 13. exd5 exd5 14.
Nxd5 Nxd5 15. Bxd5 Nxd4 16. Bxd4 Re8+ 17. Be3 Bh6 18. Qd2 Bxe3 19. fxe3 Rc7 20. O-O Qg5 21.
Rce1 Bb7 22. Rf4 Bxd5 23. cxd5 Qe5 24. d6 Rd7 25. Rd4 Re6 26. Rd1 Qxe3+ 27. Qxe3 Rxe3 28.
Rc1 Re8 29. Rc7 Red8 30. Kf2 Kg7 31. Kf3 Kf6 32. Re4 a5 33. Rc6 Rxd6 34. Rf4+ Ke6 35.
Re4+ Kd5 36. Rc7 Rf6+ 37. Ke3 Re6 38. Rxe6 Kxe6 39. g4 h6 40. h4 Rd6 41. Ke4 Kf6 42.
Kf4 g5+ 43. hxg5+ hxg5+ 44. Ke4 Ke6 45. Rb7 Rc6 46. Ke3 f6 47. Ke4 Rd6 48. Rc7 b5 49.
Ra7 Rd1 50. Ra6+ Kf7 51. Rxa5 Re1+ 52. Kf3 b4 53. Ra4 Rf1+ 54. Kg3 Rf4 55. a3 bxa3 56.
Rxa3 Rb4 57. Kf3 Ke6 58. Ra6+ Ke5 59. Ra5+ Ke6 60. Ra6+ Kf7 61. Ra7+ Kg6 62. Ra3 Kf7 63. Ra7+ Ke6 64. Ra6+ 1/2-1/2

[Event "*** Titled Tuesday Blitz"]
[Site "Chess.com"]
[Date "2019.10.01"]
[Round "4"]
[White "hansen"]
[Black "LornerAcosta"]
[Result "1/2-1/2"]
[WhiteElo "2770"]
[BlackElo "2476"]
[TimeControl "180+2"]
[EndTime "13:57:04 PDT"]
[Termination "Game drawn by repetition"]

1. e4 c5 2. Nf3 Nc6 3. Bb5 e6 4. O-O Nge7 5. Re1 a6 6. Bf1 d5 7. d3 Ng6 8. Nbd2 Be7 9. exd5 Qxd5 10. g3 b5 11. Bg2 Bb7 12. h4 h6 13. a4 O-O 14. Ne4 bxa4 15. Nc3 Qd8 16. Rxa4 Re8 17.
h5 Nf8 18. Rg4 Kh8 19. Nh4 Nd7 20. Bf4 Nf6 21. Ng6+ fxg6 22. Rxg6 Bf8 23. Ne4 Nd5 24. Bd2 Qd7 25. Bh3 Qf7 26. c4 Ndb4 27. Bc3 Nd4 28. Bxd4 cxd4 29. Qd2 Qf3 30. Bg2 Qxd3 31. Qf4 e5 32. Qg4 Bc8 33. Qh4 Ra7 34. c5 Qc4 35.
Bh3 Qf7 36. Bxc8 Rxc8 37. Qg4 Re8 38. c6 Nd5 39. Rc1 Rc7 40. Kg2 Nf6 41. Nxf6 gxf6 42. Qf5 Re6 43. Qf3 Bg7 44. Rc5 Qe8 45. Qg4 Rexc6 46.
Rd5 Re6 47. Kh2 Rd7 48. Rxd7 Qxd7 49. Rxg7 Qxg7 50. Qxe6 a5 51. b3 Kh7 52. Qf5+ Kg8 53.
Qe6+ Qf7 54. Qg4+ Kf8 55. Qc8+ Kg7 56. Qg4+ Kh8 57. Qc8+ Kh7 58. Qf5+ Kg8 59. Qg4+ Kf8 60. Qc8+ Kg7 61. Qg4+ Kf8 1/2-1/2

[Event "*** Titled Tuesday Blitz"]
[Site "Chess.com"]
[Date "2019.10.01"]
[Round "4"]
[White "yuki_chess123"]
[Black "Alex_Terzi"]
[Result "0-1"]
[WhiteElo "2183"]
[BlackElo "2617"]
[TimeControl "180+2"]
[EndTime "13:57:07 PDT"]
[Termination "Alex_Terzi won by resignation"]

1. Nf3 c5 2. e4 Nc6 3. Bb5 g6 4. Bxc6 dxc6 5. d3 Bg7 6. Nc3 e5 7.
Be3 b6 8. a4 Qe7 9. a5 b5 10. Nd2 Nf6 11. f3 Nd7 12. Qe2 Nf8 13. Nb3 Ne6 14. Qf2 Nd4 15. Bxd4 cxd4 16. Ne2 Qb4+ 17.
Kd1 O-O 18. h4 Be6 19. Qe1 Qe7 20. h5 c5 21. hxg6 fxg6 22. Qh4 Bf6 23. Qh2 c4 24.
Nc5 Rf7 25. Nxe6 Qxe6 26. Qh3 Qc6 27. f4 Rc8 28. Rf1 Bg7 29. f5 cxd3 30. Qxd3 gxf5 31. Ng3 fxe4 32. Qb3 Rf8 33. Rxf7 Rxf7 34. Nf5 Qc4 35.
Qxc4 bxc4 36. g4 h5 37. Ke2 hxg4 38. Nd6 Rf3 39. Nxc4 Bh6 40. Nxe5 d3+ 41. cxd3 exd3+ 42. Nxd3 Re3+ 43. Kd2 g3 44. Rg1 Kh7 45. Kc2 Re2+ 46. Kb3 g2 47. Nc5 Be3 48. Rxg2 Rxg2 49. Ne6 Bc1 50.
Ka4 Rxb2 51. a6 Be3 0-1

[Event "*** Titled Tuesday Blitz"]
[Site "Chess.com"]
[Date "2019.10.01"]
[Round "4"]
[White "Bad4life"]
[Black "731291"]
[Result "0-1"]
[WhiteElo "2356"]
[BlackElo "2638"]
[TimeControl "180+2"]
[EndTime "13:57:11 PDT"]
[Termination "731291 won by resignation"]

1. e4 e6 2. d4 d5 3. Nd2 Be7 4. e5 c5 5. Qg4 Kf8 6. c3 cxd4 7. cxd4 Nh6 8. Qf4 Nc6 9. Ndf3 Nf5 10. Bd3 Qb6 11.
Ne2 Bb4+ 12. Kf1 Be7 13. b3 h6 14. h4 Nb4 15. Bb1 h5 16. a3 Nc6 17. b4 a5 18.
bxa5 Rxa5 19. g3 Qa6 20. Ra2 Bxa3 21. Kg2 Be7 22. Rxa5 Nxa5 23. Nc3 Qc6 24. Na2 Nc4 25. Bd2 Qa4 26. Nc3 Qc6 27. Rc1 Bd7 28. Bd3 g6 29. Nd1 b5 30. Ne3 Ncxe3+ 31. fxe3 Qb7 32. e4 dxe4 33.
Bxe4 Qb8 34. Ra1 Kg7 35. Bxf5 exf5 36. d5 b4 37. d6 Bd8 38. Bxb4 Be6 39. Nd4 Bd5+ 40.
Kh3 Qb7 41. Bc5 Qb2 42. Rg1 Ba5 43. e6 fxe6 44. Qe5+ Kh7 45. d7 Bd8 46. Bd6 Rg8 47. Bc7 Qb7 48. Bxd8 Rxd8 49. Nxe6 Bxe6 50. Qxe6 Rxd7 51.
Rc1 Re7 52. Qf6 Rf7 53. Qe6 Re7 54. Qf6 Qe4 55. Qf8 Qg4+ 56. Kh2 Re2+ 0-1

[Event "*** Titled Tuesday Blitz"]
[Site "Chess.com"]
[Date "2019.10.01"]
[Round "4"]
[White "Andrei_Belozerov"]
[Black "morphinho22"]
[Result "1-0"]
[WhiteElo "2528"]
[BlackElo "2357"]
[TimeControl "180+2"]
[EndTime "13:57:14 PDT"]
[Termination "Andrei_Belozerov won by resignation"]

1. e4 c5 2. Nf3 d6 3. d4 cxd4 4. Nxd4 Nf6 5. Nc3 a6 6. f3 e5 7. Nb3 Be6 8. Be3 Be7 9. Qd2 O-O 10. O-O-O a5 11. Bb5 Na6 12. Kb1 Nc7 13. Bb6 Qb8 14. Bxc7 Qxc7 15. g4 Rfc8 16. h4 Qb6 17. a4 Rc7 18. h5 Rac8 19. g5 Nd7 20. Rh2 Nc5 21. Nxc5 Qxc5 22. Rg2 Qb4 23. Nd5 Bxd5 24. Qxd5 Qc5 25.
Qxc5 Rxc5 26. g6 hxg6 27. hxg6 fxg6 28. Bd7 R8c7 29. Be6+ Kf8 30. Rh1 Bf6 31. Rh8+ Ke7 32. Bd5 g5 33. Rb8 Kd7 34. Rh2 Ke7 35. Rhh8 Kd7 36.
Rhe8 Rxd5 37. exd5 Rc5 38. c4 Kc7 39. Rec8+ Kb6 40.
Kc2 Rxc8 41. Rxc8 Ka7 42. b3 b6 43. Kd3 Kb7 44. Rg8 Kc7 45. Ke4 Kd7 46. Kf5 Kc7 47. Rf8 Kd7 48. Rf7+ Kc8 49. Ke6 g4 50. fxg4 e4 51. Kxd6 e3 52. Rf8+ Kb7 53. Re8 Bd4 54. Kd7 Bc5 55. d6 Ka6 56. Kc6 1-0

[Event "*** Titled Tuesday Blitz"]
[Site "Chess.com"]
[Date "2019.10.01"]
[Round "4"]
[White "Me_ch_an"]
[Black "aranibos"]
[Result "1-0"]
[WhiteElo "2357"]
[BlackElo "2167"]
[TimeControl "180+2"]
[EndTime "13:57:17 PDT"]
[Termination "Me_ch_an won by resignation"]

1. e4 c5 2. Nc3 Nc6 3. g3 g6 4. d3 Bg7 5. Be3 d6 6. Qd2 e6 7. Bg2 a6 8. Nge2 Nd4 9. Nc1 Bd7 10. Nd1 Ne7 11. c3 Ndc6 12. Bh6 O-O 13. h4 f5 14. h5 Bxh6 15. Qxh6 Qe8 16. hxg6 Qxg6 17. Ne3 Qxh6 18. Rxh6 Kg7 19. Rh1 Rf7 20. f4 Rh8 21.
Ne2 h5 22. O-O-O Kf8 23. Bf3 Rfh7 24. Nc4 d5 25. Nb6 Be8 26. exd5 exd5 27. Nxd5 Nxd5 28. Bxd5 Bf7 29. Bxf7 Kxf7 30. d4 c4 31. d5 Nd8 32.
Nd4 Kf6 33. Nf3 b5 34. Rhe1 Rg7 35. Ng5 h4 36. gxh4 Rxh4 37. Ne6 Rd7 38. Nxd8 Rxd8 39. Re6+ Kf7 40. Rxa6 Rxf4 41. d6 Rd7 42. Rb6 Ke6 43.
Rxb5 Rxd6 44. Rxd6+ Kxd6 45. a4 Kc6 46. Kd2 Rf1 47.
Ke2 Ra1 48. Rxf5 Rxa4 49. Ke3 Ra2 50. Kd4 Rxb2 51. Kxc4 Kc7 52. Kc5 Ra2 53. Rf7+ Kd8 54. c4 Ra6 55. Kd5 Kc8 56. c5 Ra1 57. Kd6 Rd1+ 58.
Kc6 Kb8 59. Rf8+ Ka7 60. Kc7 Rd5 61. c6 Rd4 62. Rf1 Ka6 63. Ra1+ Kb5 64. Kb7 Rh4 65.
c7 Rh7 66. Kb8 1-0

[Event "*** Titled Tuesday Blitz"]
[Site "Chess.com"]
[Date "2019.10.01"]
[Round "4"]
[White "M1711"]
[Black "Taron_Shagbazyan"]
[Result "0-1"]
[WhiteElo "2537"]
[BlackElo "2779"]
[TimeControl "180+2"]
[EndTime "13:57:20 PDT"]
[Termination "Taron_Shagbazyan won by checkmate"]

1. d4 Nf6 2. c4 e6 3. Nf3 d5 4. Nc3 Bb4 5. Bg5 dxc4 6. e4 c5 7. Bxc4 cxd4 8. Nxd4 Bxc3+ 9. bxc3 Qa5 10. Bd2 Nxe4 11.
Qg4 Nxd2 12. Qxg7 Nxc4 13. Qxh8+ Ke7 14. O-O Nc6 15. Rfe1 Nxd4 16. cxd4 Qd5 17. Qxh7 b5 18. Qh4+ Ke8 19. a4 Bb7 20. Qg3 b4 21. a5 a6 22.
Rab1 Qxa5 23. d5 Bxd5 24. Qg8+ Ke7 25. Qg5+ Kd7 26. Qf4 Nd6 27. Rxb4 Rb8 28. Rbb1 Rxb1 29. Rxb1 Qa2 30. Rc1 Qa3 31. h4 e5 32. Qg5 f6 33. Qg7+ Bf7 34. Rd1 Ke6 35. Qf8 Qc5 36. Kh2 Ne4 37. Qd8 Kf5 38. f3 Nf2 39. Qd7+ Kg6 40.
h5+ Kg7 41. h6+ Kxh6 42. Rd6 Kg6 43. Qe7 Ng4+ 44. fxg4 Qf2 45. Rxa6 Qf4+ 46. Kg1 Qd4+ 47. Kh1 e4 48. Qa3 Bc4 49. Rd6 Qe5 50. Rd1 Be2 51.
Re1 Bxg4 52. Qe3 f5 53. Kg1 Kh5 54. Rb1 f4 55. Qa7 Kh4 56. Qh7+ Bh5 57. Rb7 e3 58. Rb1 e2 59. Re1 Qe3+ 60. Kh2 Qg3+ 61. Kh1 Qxe1+ 62. Kh2 Qg3+ 63. Kg1 e1=Q# 0-1

[Event "*** Titled Tuesday Blitz"]
[Site "Chess.com"]
[Date "2019.10.01"]
[Round "4"]
[White "joppie2"]
[Black "RitvarsReimanis"]
[Result "1-0"]
[WhiteElo "2851"]
[BlackElo "2580"]
[TimeControl "180+2"]
[EndTime "13:57:22 PDT"]
[Termination "joppie2 won by resignation"]

1. e4 c5 2. Nf3 Nc6 3. Bb5 g6 4. Bxc6 bxc6 5. d4 Bg7 6. dxc5 Qa5+ 7. c3 Qxc5 8. Be3 Qb5 9. Bd4 e5 10. Be3 Qxb2 11. Nbd2 Ba6 12. Rb1 Qxc3 13. Rb3 Qa5 14. Qc1 Ne7 15. Bc5 Rd8 16. Qa3 Qxa3 17. Rxa3 Bb5 18.
Bd6 f6 19. Ra5 Kf7 20. a4 Bd3 21. Nb3 Bxe4 22. Nc5 Bf5 23. O-O Nc8 24. Bc7 Rde8 25. Ra6 d6 26. Nb7 Bd3 27. Rxc6 Bxf1 28. Kxf1 Bf8 29.
Ba5 Be7 30. Rc7 Ke6 31. g4 Nb6 32. Bxb6 axb6 33. Rc6 Ra8 34. Rxb6 Rhb8 35. a5 Kd5 36. a6 Rc8 37. Nd2 Rc2 38. Nb3 Ra2 39. N3a5 f5 40.
Nc6 Bf8 41. Nb4+ Kc4 42. Nxa2 d5 43. gxf5 gxf5 44. Na5+ Kc5 45. Re6 e4 46. Nb7+ Kc4 47. Ke2 d4 48. Kd2 d3 49. Kd1 Kb3 50. Nc1+ Kc4 51.
Nd6+ Kd5 52. Nb5 Kc4 53. Nc7 Ra7 54. Rc6+ Kb4 55. Na2+ Kb3 56. Nc3 Bb4 57. N3b5 e3 58. fxe3 1-0

[Event "*** Titled Tuesday Blitz"]
[Site "Chess.com"]
[Date "2019.10.01"]
[Round "4"]
[White "Aggressus"]
[Black "LazarusChess92"]
[Result "0-1"]
[WhiteElo "2350"]
[BlackElo "2535"]
[TimeControl "180+2"]
[EndTime "13:57:26 PDT"]
[Termination "LazarusChess92 won by resignation"]

1. e4 c5 2. Nf3 d6 3. d4 cxd4 4. Qxd4 Nc6 5. Qe3 g6 6. c4 Bg7 7. h3 Nf6 8. Be2 O-O 9. O-O Be6 10. Bd2 Rc8 11. Bc3 a6 12. Nbd2 h6 13. Rac1 Nd7 14. Bxg7 Kxg7 15. Nd4 Nxd4 16. Qxd4+ f6 17. f4 Qb6 18.
Nf3 Bf7 19. f5 g5 20. b3 Qc5 21. Bd3 Qxd4+ 22. Nxd4 Ne5 23. Be2 a5 24. Rc2 Nc6 25.
Nxc6 Rxc6 26. Rfc1 Rfc8 27. Bd3 Rc5 28. Kf2 Kf8 29.
Ke3 Ke8 30. a3 R5c7 31. Kd4 Kd7 32. g3 b6 33. Be2 Ra8 34. Bd3 Rc5 35. Rb1 Rc7 36.
Rbc1 Kd8 37. Rd1 Be8 38. Ke3 Rc5 39. Kd4 Re5 40. Rdc1 Bc6 41. h4 Kd7 42. hxg5 hxg5 43. Rh2 Rb8 44. Rh7 b5 45. c5 b4 46. a4 Rc8 47. cxd6 Kxd6 48. Rhh1 Bb7 49. Rxc8 Bxc8 50.
Rc1 Bb7 51. Rc2 Bc6 52. Rc1 Bb7 53. Rc2 Bc6 54. g4 Bb7 55. Rc1 Bc6 56. Rc2 Bd7 57. Rh2 e6 58. Rh8 exf5 59. exf5 Bc6 60. Rf8 Ke7 61. Rb8 Bf3 62. Rb7+ Bxb7 0-1

[Event "*** Titled Tuesday Blitz"]
[Site "Chess.com"]
[Date "2019.10.01"]
[Round "4"]
[White "SoltaniciR"]
[Black "1stSecond"]
[Result "0-1"]
[WhiteElo "2577"]
[BlackElo "2847"]
[TimeControl "180+2"]
[EndTime "13:57:29 PDT"]
[Termination "1stSecond won by resignation"]

1. e4 c5 2. Nf3 Nc6 3. Nc3 e6 4. d4 cxd4 5. Nxd4 Qc7 6. Be2 a6 7. O-O Nf6 8. Be3 Bb4 9. Na4 Be7 10. Nxc6 bxc6 11. Nb6 Rb8 12. Nxc8 Qxc8 13. Bd4 c5 14.
Be5 Rb6 15. b3 O-O 16. Bd3 d6 17. Bb2 Nd7 18. f4 Qd8 19. Qe2 a5 20. a4 Nb8 21.
Bb5 Nc6 22. Rad1 Qc7 23. e5 Nd4 24. Qd3 dxe5 25. fxe5 Qxe5 26. Kh1 Rd6 27. Qh3 Qg5 28. Bd3 f5 29. Bc3 Bd8 30. Rde1 Bc7 31. Bc4 Rf6 32. Bxd4 cxd4 33. Qf3 Rh6 34. h3 Rf6 35. Qb7 Bd8 36. Qb8 Rd7 37. Rxe6 Kf8 38. Rfe1 Rxe6 39. Bxe6 Rc7 40.
Qb5 g6 41. Qe5 Qf6 42. Qxa5 Rxc2 43. Qb4+ Be7 44. Qb8+ Kg7 45. Qg3 Rc3 46. Qf2 Bc5 47.
Bc4 Re3 48. Rd1 Qe5 49. a5 Bd6 50. Kg1 Qh2+ 51. Kf1 Re4 52. Be2 Bg3 53. Qg1 Qxg1+ 54. Kxg1 Rxe2 55. b4 d3 56. a6 d2 0-1

[Event "*** Titled Tuesday Blitz"]
[Site "Chess.com"]
[Date "2019.10.01"]
[Round "4"]
[White "mortngabriel"]
[Black "Grebeniuk-S"]
[Result "1-0"]
[WhiteElo "2338"]
[BlackElo "2476"]
[TimeControl "180+2"]
[EndTime "13:57:30 PDT"]
[Termination "mortngabriel won by resignation"]

1. e4 c5 2. Nf3 d6 3. Bb5+ Nd7 4. O-O Nf6 5. Re1 e5 6. c3 Qc7 7. d4 Be7 8. Nbd2 O-O 9. dxe5 dxe5 10. Nc4 a6 11.
Bxd7 Nxd7 12. a4 Re8 13. a5 Bf8 14. Bg5 f6 15. Bc1 Kh8 16. Ne3 b5 17. Nh4 Bb7 18. Qh5 Bxe4 19. f3 Bd3 20. Nd5 Qd6 21. Nf4 c4 22. b3 Nc5 23. Ba3 Rec8 24. Nfg6+ Kg8 25. Nxf8 Qxf8 26. Rad1 Qf7 27. Qg4 Nxb3 28. Rxd3 cxd3 29. Nf5 Kh8 30. Nd6 Qg6 31. Qe6 d2 32. Rd1 h6 33. Qxb3 Rd8 34. Qd5 Kh7 35. Qxd2 Rac8 36. Bb4 Rc6 37. Qd3 f5 38. Qd5 Rc4 39. h3 e4 40. fxe4 fxe4 41. Re1 Rd7 42. Qe5 e3 43. Nxc4 bxc4 44. Qxe3 Rd3 45. Qe4 Rd2 46. Qxg6+ Kxg6 47. Re4 Kf5 48. Rxc4 g5 49. Rc6 h5 50. Rxa6 g4 51.
hxg4+ hxg4 52. Kh2 Kf4 53. Rf6+ Kg5 54. Rf8 Rd3 55.
a6 Kh4 56. Rh8+ Kg5 57. a7 g3+ 58. Kh3 1-0

[Event "*** Titled Tuesday Blitz"]
[Site "Chess.com"]
[Date "2019.10.01"]
[Round "4"]
[White "Micki-taryan"]
[Black "Tjktiger"]
[Result "1-0"]
[WhiteElo "2961"]
[BlackElo "2807"]
[TimeControl "180+2"]
[EndTime "13:57:31 PDT"]
[Termination "Micki-taryan won by resignation"]

1. d4 Nf6 2. Nf3 g6 3. Nc3 d5 4. Bf4 Bg7 5. Nb5 Na6 6. e3 O-O 7. h4 c6 8. Nc3 Qa5 9. Qd2 Bf5 10. Ne5 Nb4 11. Bd3 Nxd3+ 12. cxd3 c5 13. dxc5 Qxc5 14.
d4 Qa5 15. f3 h5 16. Bg5 Rac8 17. O-O Rfe8 18. Rfc1 Nd7 19. Bf4 Nb6 20. Qe2 f6 21.
Nd3 e5 22. dxe5 fxe5 23. Bg5 Qa6 24. e4 dxe4 25. Nxe4 Nd5 26. Qd2 Bxe4 27. fxe4 Nf6 28. Nf2 Rxc1+ 29. Rxc1 Qxa2 30. Rc7 Qe6 31. Rxb7 Rf8 32.
Qe3 a5 33. Qa7 Bh8 34. Bh6 Rf7 35. Qa8+ Kh7 36. Nh3 Nxe4 37. Be3 Bf6 38. Rxf7+ Qxf7 39. Qxe4 Qb3 40. Ng5+ Bxg5 41. Bxg5 Qxb2 42. Qf3 Qb1+ 43. Kh2 Qf5 44. Qb7+ Kg8 45. Qa8+ Kf7 46. Qxa5 Qe4 47. Qc7+ Ke6 48. Qc8+ Kf7 49. Qd7+ Kg8 50. Qe8+ Kg7 51.
Qe7+ Kg8 52. Bh6 Qxh4+ 53. Qxh4 1-0

[Event "*** Titled Tuesday Blitz"]
[Site "Chess.com"]
[Date "2019.10.01"]
[Round "4"]
[White "Roman_Ovetchkin"]
[Black "champ2005"]
[Result "0-1"]
[WhiteElo "2661"]
[BlackElo "2826"]
[TimeControl "180+2"]
[EndTime "13:57:34 PDT"]
[Termination "champ2005 won by resignation"]

1. d4 Nf6 2. c4 Nc6 3. Nf3 e6 4. a3 d6 5. Nc3 g6 6. e4 Bg7 7.
Be2 O-O 8. Be3 e5 9. d5 Ne7 10. Nd2 Nd7 11. h4 f5 12. f3 f4 13.
Bf2 c5 14. b4 b6 15. Rb1 Nf6 16. bxc5 dxc5 17. a4 a5 18. Qb3 Nd7 19. Nb5 Ba6 20.
h5 g5 21. h6 Bf6 22. Nf1 Nc8 23. Nh2 Bxb5 24. Qxb5 Nd6 25. Qb3 Qe7 26. Ng4 Kh8 27. Kd2 Rab8 28. Rh3 Rb7 29. Kc2 Nf7 30.
Be1 Rc7 31. Bc3 Rg8 32. Rbh1 Rg6 33. Qb2 Kg8 34. Bd3 Bh8 35. g3 Rc8 36. gxf4 gxf4 37. Rh5 Re8 38. Be1 Nf8 39. Qb5 Nd6 40. Qb3 Nd7 41.
Bh4 Qf7 42. Bf1 Nxe4 43. fxe4 Rxg4 44. Bh3 Qxh5 45. Qf3 Rxh4 46. Qxh5 Rxh5 47. Be6+ Rxe6 48. dxe6 Nf6 49. Rd1 Kf8 50. Rd8+ Ke7 51. Rxh8 Rxh6 52. Rb8 Rh2+ 53. Kd3 Rh3+ 54. Kd2 Nxe4+ 0-1

[Event "*** Titled Tuesday Blitz"]
[Site "Chess.com"]
[Date "2019.10.01"]
[Round "4"]
[White "GMKrikor"]
[Black "Sanan_Sjugirov"]
[Result "0-1"]
[WhiteElo "2793"]
[BlackElo "2958"]
[TimeControl "180+2"]
[EndTime "13:57:45 PDT"]
[Termination "Sanan_Sjugirov won by resignation"]

1. Nf3 Nf6 2. c4 e6 3. g3 d5 4.
Bg2 dxc4 5. Qa4+ Bd7 6. Qxc4 c5 7. Ne5 Qc8 8. Qd3 Nc6 9. Nxd7 Nxd7 10. O-O Be7 11. Nc3 a6 12. b3 O-O 13. Bb2 Rd8 14. Rac1 Nf6 15. Qc2 Qd7 16. d3 b5 17. Rfd1 Rac8 18.
Qb1 Nb4 19. a3 Nbd5 20. Ne4 Qa7 21. Nd2 Ng4 22. Rf1 Bf6 23. Ne4 Bxb2 24. Qxb2 Ngf6 25. Nxf6+ Nxf6 26. Rc2 Rc7 27. Rfc1 Rdc8 28. b4 cxb4 29. axb4 h6 30. e3 Qb6 31. d4 Rc4 32. Bf1 Rxc2 33. Rxc2 Rxc2 34. Qxc2 Nd5 35. Qc8+ Kh7 36. Qf8 Qc7 37.
Bd3+ g6 38. Be4 Nc3 39. Bd3 Nd5 40. h4 h5 41. Be4 Nf6 42. Bf3 Qd7 43. Qa8 Qd6 44. Bb7 Qxb4 45. Qxa6 Qe1+ 46. Kg2 Ng4 47. Qa2 b4 48. Bf3 Nf6 49. Qa7 Kg7 50. Qb8 Qc3 51. Bd1 Qd3 52. Bf3 b3 53. Qb7 Qc2 54. e4 b2 55. e5 b1=Q 56. exf6+ Kxf6 57. Qa8 Kg7 58. Qd8 0-1

[Event "*** Titled Tuesday Blitz"]
[Site "Chess.com"]
[Date "2019.10.01"]
[Round "4"]
[White "ChessQueen"]
[Black "Mr_Sinigami"]
[Result "1-0"]
[WhiteElo "2606"]
[BlackElo "2383"]
[TimeControl "180+2"]
[EndTime "13:57:45 PDT"]
[Termination "ChessQueen won by resignation"]

1. Nf3 Nf6 2. g3 g6 3. Bg2 Bg7 4. O-O O-O 5. d4 d6 6. c4 Nbd7 7. Nc3 e5 8. dxe5 dxe5 9. Qc2 Re8 10. Rd1 c6 11. b3 Qe7 12. a4 e4 13. Ba3 Nc5 14.
Nd4 Qe5 15. Bb2 Qh5 16. b4 Na6 17. Na2 Bh3 18. f3 Bxg2 19. Kxg2 c5 20. bxc5 Nxc5 21. Nb4 Rac8 22. Nb5 Ne6 23. Bxf6 Bxf6 24. Ra3 exf3+ 25. exf3 Rcd8 26. Nd5 Bg7 27. Rad3 a6 28. Nbc7 Nxc7 29. Nxc7 Rxd3 30. Qxd3 Rf8 31. Qd5 Qh6 32. f4 Qh5 33. Qxh5 gxh5 34. Nd5 Re8 35. Kf3 Kf8 36. Rb1 Rc8 37.
Rxb7 Bd4 38. Rc7 Rxc7 39. Nxc7 a5 40. Nd5 Ke8 41. Ke4 Bg1 42. h3 Kd7 43. Nf6+ Kc6 44. Nxh7 Kc5 45. Ng5 Kb4 46. Nxf7 Kxa4 47. Ne5 Kb3 48. f5 a4 49. f6 Bc5 50. Kd5 Bf8 51.
c5 a3 52. Nd3 Kc2 53. c6 Kxd3 54. c7 a2 55. c8=Q a1=Q 56. Qxf8 Qa2+ 57. Ke5 Qa5+ 58. Ke6 Qb6+ 59. Qd6+ Qxd6+ 60. Kxd6 1-0